 Dungeon Crawl Stone Soup version 0.25-a0-701-gb30f108f01 (webtiles) character file.

Game seed: 12098478457293855454, levelgen mode: deterministic

98 kae the Ruffian (level 4, -1/35 HPs)
             Began as a Draconian Transmuter on Apr 3, 2020.
             Splashed by a jelly's acid (8 damage)
             ... on level 2 of the Dungeon.
             The game lasted 00:02:10 (1962 turns).

kae the Ruffian (Draconian Transmuter)              Turns: 1962, Time: 00:02:10

Health: -1/35      AC:  2    Str: 14    XL:     4   Next: 44%
Magic:  2/8        EV: 19    Int: 13    God:
Gold:   84         SH:  0    Dex: 16    Spells: 2/8 levels left

rFire    . . .     SeeInvis .     - Unarmed
rCold    . . .     Gourm    .   (shield currently unavailable)
rNeg     . . .     Faith    .   (armour unavailable)
rPois    x         Spirit   .   (helmet currently unavailable)
rElec    .         Reflect  .   (cloak currently unavailable)
rCorr    .         Harm     .   (gloves currently unavailable)
MR       .....                  (boots currently unavailable)
Stlth    ++........             (no amulet)
HPRegen  0.11/turn              g - ring of stealth
MPRegen  0.11/turn              (no ring)

@: spider-form (expiring)
A: tiny, unfitting armour, AC +5
a: End Transformation


You were on level 2 of the Dungeon.
You were not hungry.
You were a venomous arachnid creature.
You visited 1 branch of the dungeon, and saw 2 of its levels.

You collected 84 gold pieces.

Inventory:

Missiles
 a - 22 arrows
Armour
 b - a +0 pair of gloves (melded)
Jewellery
 g - a ring of stealth (left front leg)
Scrolls
 d - 2 scrolls of teleportation
 f - a scroll of fog
 j - a scroll of remove curse
Potions
 e - a potion of resistance
Comestibles
 c - 3 rations


   Skills:
 - Level 1.1 Fighting
 - Level 1.7 Dodging
 * Level 4.3 Unarmed Combat
 + Level 2.7 Spellcasting
 + Level 2.8 Transmutations


You had 2 spell levels left.
You knew the following spells:

 Your Spells              Type           Power        Failure   Level  Hunger
a - Beastly Appendage     Tmut           #.....       21%         1    #......
b - Sticks to Snakes      Tmut           #.......     26%         2    ###....
c - Spider Form           Tmut/Pois      #.........   58%         3    ###....

Your spell library contained the following spells:

 Spells                   Type           Power        Failure   Level  Hunger
 Ice Form                 Ice/Tmut       #.......     91%         4    #####..
 Blade Hands              Tmut           #.........   97%         5    ######.


Dungeon Overview and Level Annotations

Branches:
Dungeon (2/15)

Altars:
Elyvilon

Annotations:
D:2 1 transporter


Innate Abilities, Weirdness & Mutations

((Your plain brown scales are hard. (AC +5)))
You cannot fit into any form of body armour.
((You are cold-blooded and may be slowed by cold attacks.))


Message History

The crimson imp hits you but does no damage.
The leopard gecko bites you.
You hit the leopard gecko.
The leopard gecko is poisoned.
The leopard gecko is severely wounded.
The leopard gecko misses you. The crimson imp hits you.
You bite the leopard gecko!
You kill the leopard gecko!
The crimson imp misses you.
You closely miss the crimson imp. The crimson imp completely misses you.
You hit the jelly.
Your front legs burn!
The jelly is lightly wounded.
The jelly closely misses you. The crimson imp closely misses you.
You hit the jelly.
Your front legs burn!
* * * LOW HITPOINT WARNING * * *
The jelly is moderately wounded.
Your transformation is almost over.
The jelly hits you.
* * * LOW HITPOINT WARNING * * *
You are splashed with acid!
You die...

>......................'?........
.#########.###.........####......
.######....# #.........# #......
.)......#### #.........# #......
######..# #.........# #......
####....######.........# #......
...........#...........## #......
.............#########..# #######
............##..sJ.[.##.#
......#####.#8..#5#..8#.# ......#
##.#$?#...#..#.##
.>....####..#.$.......#..##
...........©#_$....©..#©..#######
............#[$.......#..........
####........#$(#...#..#.####.....
#........#8..#.#..8#.# #.....
#........##...©...##.# #.....


You could see a jelly and a crimson imp.

Vanquished Creatures
  A jelly (D:2)
  A gnoll (D:1)
  An adder (D:2)
  An ooze (D:2)
  4 dart slugs
  2 leopard geckos (D:2)
  An orc (D:2)
  2 bats
  2 giant cockroaches (D:1)
  4 goblins
  A hobgoblin (D:1)
  4 jackals (D:1)
  3 kobolds (D:2)
  3 frilled lizards
  4 rats (D:2)
34 creatures vanquished.

Vanquished Creatures (collateral kills)
  A worm (D:2)
  A giant cockroach (D:2)
  A kobold (D:2)
3 creatures vanquished.

Grand Total: 37 creatures vanquished

Notes
Turn   | Place    | Note
-------+----------+-------------------------------------------
     0 | D:1      | kae the Draconian Transmuter began the quest for the Orb.
     0 | D:1      | Reached XP level 1. HP: 16/16 MP: 3/3
    88 | D:1      | Reached XP level 2. HP: 17/23 MP: 3/5
   296 | D:2      | Learned a level 2 spell: Sticks to Snakes
   670 | D:2      | Noticed a crimson imp
   673 | D:2      | Found a white marble altar of Elyvilon.
   684 | D:2      | Found a transporter.
   722 | D:2      | Found a transporter.
   780 | D:2      | Reached XP level 3. HP: 24/28 MP: 3/6
   789 | D:2      | Learned a level 3 spell: Spider Form
  1625 | D:1      | Reached skill level 4 in Unarmed Combat
  1949 | D:2      | Reached XP level 4. HP: 21/35 MP: 3/8
  1962 | D:2      | Splashed by a jelly's acid

Levels and vault maps discovered:
D:1:      tarquinn_simple_flora_water_a, layout_loops_ring
D:2:      layout_basic, gammafunk_temple_overflow_arena,
          hangedman_decor_opposing

Skill      XL: |  1  2  3 |
---------------+----------+-----
Unarmed Combat | 4 |  4.3
Fighting       | |  1.1
Dodging        | |  1.7
Spellcasting   | |  2.7
Transmutations | |  2.8

Action                   |  1- 3 |  4- 6 || total
-------------------------+-------+-------++-------
Melee: Unarmed           |   111 |     9 ||   120
       Headbutt          |     6 |       ||     6
       Tailslap          |     7 |       ||     7
       Kick              |     7 |       ||     7
       Punch             |     1 |       ||     1
 Cast: Beastly Appendage |    13 |       ||    13
       Sticks to Snakes  |     4 |       ||     4
       Spider Form       |     2 |     1 ||     3
  Use: Potion            |     1 |       ||     1
       Scroll            |     6 |       ||     6
 Stab: Distracted        |     1 |       ||     1
  Eat: Chunk             |     4 |       ||     4
Armor: Skin              |    40 |     2 ||    42
Dodge: Dodged            |    82 |    12 ||    94

Table legend:
 A = Non-vault XP
 B = Vault XP
 C = Vault XP percentage of total XP
 D = Non-vault monster count
 E = Vault monster count
 F = Vault count percentage of total count
                 A         B        C        D         E       F
            +---------+---------+-------+---------+---------+-------
      Total |      88 |      53 |  37.6 |      33 |       4 |  10.8
            +---------+---------+-------+---------+---------+-------
        D:1 |      41 |       0 |   0.0 |      14 |       0 |   0.0
        D:2 |      47 |      53 |  53.0 |      19 |       4 |  17.4
            +---------+---------+-------+---------+---------+-------
